 Dungeon Crawl Stone Soup version 0.25-a0-10-g2fe12d4386 (webtiles) character file.

Game seed: 4119314967976096549, levelgen mode: deterministic

97456 Arixos the Carver (level 16, -4/86 HPs)
             Began as a Vine Stalker Skald on Oct 15, 2019.
             Was the Champion of Ru.
             Succumbed to a ghost moth's poison
             ... on level 4 of the Spider Nest.
             The game lasted 02:54:34 (21708 turns).

Arixos the Carver (Vine Stalker Skald)             Turns: 21708, Time: 02:54:35

Health: -4/86      AC: 23    Str: 20      XL:     16   Next: 19%
Magic:  1/32       EV: 16    Int: 13      God:    Ru [******]
Gold:   947        SH:  0    Dex: 21 (22) Spells: 25/38 levels left

rFire    . . .     SeeInvis .   T - +4 great sword (elec)
rCold    + . .     Gourm    +   (shield currently unavailable)
rNeg     + . .     Faith    .   P - +6 pearl dragon scales
rPois    +         Spirit   +   o - +2 helmet
rElec    .         Reflect  .   r - +1 cloak of Royalty {+Inv Str+4 Dex+3}
rCorr    .         Harm     .   t - +0 pair of gloves
MR       ++...                  C - +0 pair of boots
Stlth    ..........             S - amulet of the gourmand
HPRegen  1.04/turn              J - ring of poison resistance
MPRegen  0.23/turn              G - ring of protection from cold

@: confused, lethally poisoned (-4 -> -45), exhausted, marked, singing, no
potions, no scrolls, studying Translocations, drained
A: fangs 3, regeneration 2, magic shield, antimagic bite, no potion heal 3, rot
immunity, inability to drink while threatened, inability to read while
threatened, no stealth, inability to use devices, hated by all
a: Draw Out Power, Power Leap, Apocalypse, Renounce Religion


You were on level 4 of the Spider Nest.
You worshipped Ru.
Ru was exalted by your worship.
You were very full.

You visited 5 branches of the dungeon, and saw 24 of its levels.
You also visited: Ossuary.

You collected 2093 gold pieces.
You spent 1146 gold pieces at shops.

Inventory:

Hand Weapons
 x - a +4 scimitar of flaming
 I - a +2 scimitar of holy wrath
 T - a +4 great sword of electrocution (weapon)
Missiles
 g - 112 poisoned darts (quivered)
Armour
 o - a +2 helmet (worn)
 r - the +1 cloak of Royalty (worn) {+Inv Str+4 Dex+3}
   (You bought it in a shop on level 2 of the Orcish Mines)

   It affects your strength (+4).
   It affects your dexterity (+3).
   It lets you turn invisible.
 t - a +0 pair of gloves (worn)
 y - a +2 ring mail of fire resistance
 C - a +0 pair of boots (worn)
 H - +0 fire dragon scales
 P - +6 pearl dragon scales (worn)
 R - a +2 leather armour of cold resistance
Jewellery
 h - an uncursed ring of wizardry {unknown}
 j - an uncursed ring of protection from fire {unknown}
 D - an uncursed ring of positive energy
 G - a ring of protection from cold (right hand)
 J - a ring of poison resistance (left hand)
 Q - an uncursed ring of resist corrosion
 S - an amulet of the gourmand (around neck)
Scrolls
 a - 5 scrolls of magic mapping
 i - 16 scrolls of remove curse
 k - 6 scrolls of identify
 q - 4 scrolls of amnesia
 s - 5 scrolls of fog
 v - 2 scrolls of immolation
 A - a scroll of teleportation
 E - a scroll of fear
 F - a scroll of blinking
Potions
 c - 3 potions of lignification
 e - 5 potions of flight
 f - 14 potions of curing
 l - 4 potions of agility
 n - 5 potions of haste
 u - 8 potions of mutation
 z - a potion of ambrosia {unknown}
 B - 3 potions of might
 K - a potion of magic {unknown}
 L - 4 potions of brilliance
 M - a potion of cancellation
Books
 m - a manual of Translocations
Comestibles
 d - 36 rations


   Skills:
 + Level 10.9(9.9) Fighting
 * Level 12.2(11.1) Long Blades
 - Level 0.7(0.0) Armour
 + Level 10.2(9.2) Dodging
 + Level 11.9(10.8) Spellcasting
 - Level 6.0(5.1) Hexes
 + Level 12.1(11.0) Charms
 - Level 6.0(5.1) Necromancy
 - Level 6.0(5.1) Translocations


You had 25 spell levels left.
You knew the following spells:

 Your Spells              Type           Power        Failure   Level  Hunger
a - Song of Slaying       Chrm           #####...     1%          2    None
g - Gell's Gravitas       Tloc           ###.......   14%         3    #......
q - Spectral Weapon       Hex/Chrm       ####....     4%          3    #......
r - Regeneration          Chrm/Necr      ####......   4%          3    #......
s - Shroud of Golubria    Chrm/Tloc      ####..       2%          2    None

Your spell library contained the following spells:

 Spells                   Type           Power        Failure   Level  Hunger
 Infusion                 Chrm           ####         1%          1    None
 Corpse Rot               Necr           N/A          7%          2    None
 Ensorcelled Hibernation  Hex/Ice        ##....       21%         2    None
 Flame Tongue             Conj/Fire      #....        36%         1    None
 Sting                    Conj/Pois      #...         36%         1    None
 Passage of Golubria      Tloc           N/A          43%         4    ###....
 Poisonous Vapours        Pois/Air       #.....       52%         2    None
 Throw Flame              Conj/Fire      #.....       52%         2    None
 Mephitic Cloud           Conj/Pois/Air  #.......     75%         3    #......
 Olgreb's Toxic Radiance  Pois           #.......     98%         4    ###....
 Borgnjor's Vile Clutch   Necr/Erth      ##........   98%         5    #####..
 Silence                  Hex/Air        ##........   98%         5    #####..
 Irradiate                Conj/Tmut      #.........   100%        5    #####..
 Venom Bolt               Conj/Pois      #.........   100%        5    #####..
 Bolt of Fire             Conj/Fire      #.........   100%        6    ######.
 Darkness                 Hex            ###.......   100%        6    ######.
 Dispersal                Tloc           ###.......   100%        6    ######.
 Freezing Cloud           Conj/Ice/Air   #.........   100%        6    ######.
 Borgnjor's Revivificati  Necr           ###.......   100%        8    #######
 Death's Door             Chrm/Necr      ####......   100%        8    #######
 Necromutation            Tmut/Necr      ##........   100%        8    #######
 Shadow Creatures         Summ           Unusable     N/A         6    N/A
 Haunt                    Necr/Summ      Unusable     N/A         7    N/A
 Infestation              Necr           Unusable     N/A         8    N/A

Dungeon Overview and Level Annotations

Branches:
Dungeon (11/15)            Temple (1/1) D:5            Lair (6/6) D:8
  Swamp (0/4) Lair:2       Spider (4/4) Lair:4        Slime (0/5) Lair:6
    Orc (2/2) D:11            Elf (0/3) Orc:2       Ossuary (visited)

Altars:
Ashenzari
Cheibriados
Dithmenos
Elyvilon
Fedhas
Gozag
Hepliaklqana
Kikubaaqudgha
Makhleb
Nemelex Xobeh
Okawaru
Qazlal
Ru
Sif Muna
Trog
Uskayaw
Vehumet
Wu Jian
Xom
Yredelemnul
Zin
The Shining One
Beogh

Shops:
D:5 [   D:10 ?   D:11 !   Orc:2 [%(*[

Annotations:
Spider:1 1 runed translucent door, Zuot's ghost, adept GnWn


Innate Abilities, Weirdness & Mutations

You have razor-sharp teeth.
You heal very quickly.
When hurt, damage is shared between your health and your magic reserves.
Your bite disrupts and absorbs the magic of your enemies.
Potions cannot restore your health.
You are immune to rotting.
You cannot drink potions while threatened.
You cannot read scrolls while threatened.
You cannot be stealthy.
You cannot study or use magical devices.
You are hated by all.


Message History

Something hits you but does no damage. Something hits you!
* * * LOW HITPOINT WARNING * * *
You focus your will and blind something in retribution!
Something stings you!
* * * LOW HITPOINT WARNING * * *
You are lethally poisoned!
Something poisons you! The tarantella misses you.
The redback bites you but does no damage.
The hornet stings you but does no damage.
The tarantella bites you.
* * * LOW HITPOINT WARNING * * *
Something hits you but does no damage. Something barely misses you.
Something stings you but does no damage.
A redback comes into view.
You cannot drink potions in your current state!
You're too exhausted to draw out your power.
You slice the tarantella!!
You kill the tarantella!
You feel yourself speed up.
Your skin stops crawling.
You die...

.... ### ... ...≈..^
.. ...^... #.#####
..^^...
#####..#..##.......
#...^.s##.†....^^≈
##....†.†.....≈####
#.....††.(s.†..≈≈^
...#^#..^.s@y.s†^[.^
...^..####{?#†s^.s.^
........^..^#..s..s.
..#.....s^†^.^..^...
##..............####
###.^.........≈.^
##.......†....^
#†.#.##.†...^.s
...#. ...≈...


You could see 3 wolf spiders, an orb spider, a hornet, 2 jumping spiders, a
tarantella, 2 redbacks and a friendly spectral +4 great sword of electrocution.

Vanquished Creatures
  Jorgrun (Orc:2)
  Asterion (Spider:2)
  An emperor scorpion (Spider:2)
  Nessos (Orc:2)
  2 entropy weavers
  A fire dragon (D:9)
  Fannar (Lair:3)
  Erolcha (Orc:2)
  5 hydras
  Erica (D:8)
  2 centaur warriors (Orc:2)
  A two-headed ogre (Orc:2)
  2 death yaks (Lair:6)
  The ghost of Froggeryz the Basher, a novice KoCK of Xom (D:9)
  The ghost of hitsuchi the Ducker, a novice OpEE of Gozag (D:7)
  2 orc knights (Orc:2)
  A necromancer (Lair:6)
  2 orc sorcerers (Orc:2)
  An ugly thing (D:10)
  11 orb spiders
  18 wolf spiders
  A moth of wrath (D:9)
  9 elephants (Lair:6)
  An eye of devastation (Lair:6)
  5 black mambas
  A torpor snail (Lair:2)
  21 spiny frogs
  4 rime drakes
  6 komodo dragons
  6 demonic crawlers
  6 trolls
  A polar bear (Lair:5)
  The ghost of blobbo the Charmwright, an amateur GnSk of Cheibriados (D:3)
  A queen bee (D:7)
  27 jumping spiders
  4 tyrant leeches (Lair:6)
  6 hornets
  Grinder (D:4)
  4 slime creatures (D:11)
  A dream sheep (Lair:2)
  13 blink frogs
  5 hippogriffs
  Sigmund (D:2)
  A spriggan (D:7)
  60 redbacks
  28 tarantellas
  3 wyverns
  A basilisk (D:10)
  A shadow (D:11)
  26 yaks
  A steam dragon (Lair:5)
  Grum (D:10)
  6 vampire mosquitoes (Lair:6)
  2 wargs (Orc:2)
  A soldier ant (D:10)
  An acid dragon (Lair:5)
  12 porcupines
  25 water moccasins
  4 phantoms
  An ice beast (D:6)
  32 orc warriors
  2 black bears (D:9)
  2 sky beasts
  2 eyes of draining
  6 ogres
  3 necrophages
  15 centaurs
  9 wolves
  13 crocodiles
  A big kobold (D:8)
  Blork the orc (D:7)
  25 bullfrogs
  A water moccasin zombie (Ossuary)
  4 scorpions
  A water moccasin skeleton (D:7)
  15 killer bees
  3 howler monkeys (D:7)
  5 wights (D:7)
  8 electric eels
  A crimson imp (D:5)
  5 hounds
  12 orc priests
  5 bullfrog zombies
  5 bullfrog skeletons
  2 centaur skeletons
  5 jellies
  24 orc wizards
  3 iguanas
  2 yak simulacra (Lair:6)
  8 worker ants
  2 killer bee zombies
  4 polar bear simulacra (Lair:6)
  3 wolf simulacra (Lair:6)
  3 big kobold zombies (Ossuary)
  2 mummies (Ossuary)
  2 hound skeletons
  A hound zombie (D:7)
  2 worker ant zombies
  A howler monkey skeleton (D:6)
  7 gnolls
  A river rat (D:3)
  26 adders
  4 shadow imps
  An ooze (D:1)
  8 adder zombies (Ossuary)
  2 worms
  6 dart slugs
  6 leopard geckos
  71 orcs
  3 ball pythons
  11 bats
  5 giant cockroaches
  4 gnoll zombies (Ossuary)
  8 goblins
  8 hobgoblins
  16 jackals
  5 quokkas
  3 frilled lizards
  2 goblin skeletons (D:9)
  A goblin zombie (D:9)
  6 hobgoblin zombies
  14 kobolds
  8 kobold zombies
  An orc skeleton (D:9)
  6 orc zombies
  8 rats
  2 river rat simulacra (Lair:6)
  A fungus (Lair:6)
  A plant (Lair:6)
841 creatures vanquished.

Vanquished Creatures (others)
  2 death yaks (Lair:6)
  A spiny frog (Lair:6)
  2 blink frogs
  A tarantella (Spider:2)
  2 yaks
  A crimson imp (D:10)
  An orc wizard (D:6)
  2 orcs (Orc:2)
  A kobold zombie (Ossuary)
  A quokka skeleton (D:7)
  16 fungi
  38 plants
  46 spectral weapons
114 creatures vanquished.

Grand Total: 955 creatures vanquished

Notes
Turn   | Place    | Note
-------+----------+-------------------------------------------
     0 | D:1      | Arixos the Vine Stalker Skald began the quest for the Orb.
     0 | D:1      | Reached XP level 1. HP: 11/11 MP: 4/4
   108 | D:1      | Reached XP level 2. HP: 10/15 MP: 6/6
   112 | D:1      | Learned a level 2 spell: Shroud of Golubria
   298 | D:1      | Reached XP level 3. HP: 17/18 MP: 4/7
   303 | D:1      | Learned a level 3 spell: Regeneration
   555 | D:1      | Reached skill level 1 in Translocations
   884 | D:2      | Noticed Sigmund
   961 | D:2      | Gained mutation: Your natural rate of healing is unusually
                  | fast. [Vine Stalker growth]
   961 | D:2      | Reached XP level 4. HP: 19/23 MP: 3/8
  1066 | D:2      | Reached skill level 1 in Necromancy
  1133 | D:2      | Found a sacrificial altar of Ru.
  1141 | D:2      | Became a worshipper of Ru the Awakened
  1421 | D:3      | Found a runed translucent door.
  1421 | D:3      | Noticed blobbo's ghost (amateur GnSk)
  1629 | D:3      | Reached XP level 5. HP: 26/26 MP: 6/10
  1634 | D:3      | Learned a level 2 spell: Song of Slaying
  1843 | D:3      | Found an ornate altar of the Wu Jian Council.
  1928 | D:3      | Found a blossoming altar of Fedhas.
  1982 | D:3      | Found a runed translucent door.
  2403 | D:4      | Noticed a phantom
  2463 | D:4      | Killed a phantom
  2463 | D:4      | Reached XP level 6. HP: 24/32 MP: 5/11
  2492 | D:4      | Gained mutation: You are hated by all. [Ru sacrifice]
  2492 | D:4      | Reached * piety under Ru
  2550 | D:4      | Learned a level 3 spell: Spectral Weapon
  2704 | D:3      | Reached skill level 1 in Hexes
  2704 | D:3      | Reached XP level 7. HP: 31/35 MP: 5/12
  2878 | D:4      | Noticed Grinder
  2921 | D:5      | Entered Level 5 of the Dungeon
  3162 | D:4      | Killed Grinder
  3206 | D:4      | Got a faintly humming scale mail
  3207 | D:4      | Identified the +0 scale mail of the Five Beds {Str+8 Dex-2}
                  | (You found it on level 4 of the Dungeon)
  3372 | D:4      | Gained mutation: You have razor-sharp teeth. [Vine Stalker
                  | growth]
  3372 | D:4      | Reached XP level 8. HP: 39/40 MP: 11/14
  3900 | D:5      | Found a staircase to the Ecumenical Temple.
  3925 | Temple   | Entered the Ecumenical Temple
  4162 | D:5      | Found a shimmering altar of Xom.
  4436 | D:5      | Got a ripped robe
  4437 | D:5      | Identified the +1 robe of Tenacity {rC+ Regen+ Str-5} (You
                  | found it on level 5 of the Dungeon)
  4513 | D:5      | Found Qoduoleh's Antique Armour Boutique.
  5059 | D:6      | Gained mutation: You cannot be stealthy. [Ru sacrifice]
  5059 | D:6      | Reached ** piety under Ru
  5279 | D:5      | Reached XP level 9. HP: 36/44 MP: 7/16
  5769 | D:6      | Found a shadowy altar of Dithmenos.
  5899 | D:7      | Found a white marble altar of Elyvilon.
  5964 | D:7      | Noticed a queen bee
  5997 | D:7      | Reached skill level 5 in Necromancy
  5997 | D:7      | Reached skill level 5 in Translocations
  6025 | D:7      | Noticed hitsuchi's ghost (novice OpEE)
  6103 | D:7      | Reached skill level 5 in Charms
  6109 | D:7      | Identified the Almanac of Dark Attacks
  6374 | D:7      | Noticed Blork the orc
  6381 | D:7      | Killed Blork the orc
  6393 | D:7      | Found a shimmering blue altar of Sif Muna.
  6417 | D:7      | Found a stormy altar of Qazlal.
  6804 | D:7      | Reached skill level 5 in Hexes
  6804 | D:7      | Reached XP level 10. HP: 49/49 MP: 18/18
  6855 | D:7      | Gained mutation: You cannot study or use magical devices.
                  | [Ru sacrifice]
  6855 | D:7      | Reached *** piety under Ru
  6855 | D:7      | Reached **** piety under Ru
  6886 | D:7      | Found a transporter.
  6886 | D:7      | Found a transporter.
  7178 | D:8      | Found a sand-covered staircase.
  7186 | Ossuary  | Entered an ossuary
  7407 | D:8      | Found a radiant altar of Vehumet.
  7422 | D:8      | Reached skill level 5 in Spellcasting
  7674 | D:8      | Noticed Erica
  7682 | D:8      | Killed Erica
  7879 | D:8      | Found a staircase to the Lair.
  8176 | D:2      | Found an iron altar of Okawaru.
  8283 | D:2      | Killed Sigmund
  8511 | D:3      | Killed blobbo's ghost
  8667 | Lair:1   | Entered Level 1 of the Lair of Beasts
  8690 | Lair:1   | Noticed a spiny frog
  8700 | Lair:1   | Killed a spiny frog
  8700 | Lair:1   | Reached skill level 5 in Long Blades
  8800 | Lair:1   | Reached skill level 5 in Fighting
  8938 | Lair:1   | Reached XP level 11. HP: 56/56 MP: 19/21
  9026 | Lair:1   | Reached skill level 5 in Dodging
  9706 | Lair:2   | Noticed a four-headed hydra
  9719 | Lair:2   | Killed a one-headed hydra
  9766 | Lair:2   | Noticed a five-headed hydra
  9780 | Lair:2   | Killed a one-headed hydra
  9994 | Lair:2   | Gained mutation: You heal very quickly. [Vine Stalker
                  | growth]
  9994 | Lair:2   | Reached XP level 12. HP: 54/62 MP: 18/24
 10080 | Lair:2   | Found a staircase to the Swamp.
 10376 | Lair:3   | Noticed Fannar
 11264 | Lair:4   | Found a hole to the Spider Nest.
 11697 | Lair:5   | Noticed a six-headed hydra
 11712 | Lair:5   | Killed a three-headed hydra
 12381 | Lair:5   | Reached XP level 13. HP: 65/68 MP: 22/26
 12752 | Lair:6   | Entered Level 6 of the Lair of Beasts
 13038 | Lair:6   | Found a staircase to the Slime Pits.
 13234 | Lair:6   | Gained mutation: You cannot drink potions while threatened.
                  | [Ru sacrifice]
 13234 | Lair:6   | Reached ***** piety under Ru
 13654 | Lair:6   | Reached skill level 10 in Charms
 13714 | Lair:6   | Reached skill level 10 in Spellcasting
 13779 | Lair:6   | Reached XP level 14. HP: 75/75 MP: 29/29
 14338 | Lair:2   | Found a staircase to the Swamp.
 15271 | Lair:3   | Killed Fannar
 15419 | D:7      | Killed hitsuchi's ghost
 15533 | D:9      | Found a transporter.
 15547 | D:9      | Noticed Froggeryz's ghost (novice KoCK)
 15588 | D:9      | Gained mutation: You cannot read scrolls while threatened.
                  | [Ru sacrifice]
 15588 | D:9      | Reached ****** piety under Ru
 15662 | D:9      | Found a transporter.
 15719 | D:9      | Killed Froggeryz's ghost
 15774 | D:9      | Identified the Almanac of the Arsonist and Translocation
 15796 | D:9      | Learned a level 3 spell: Gell's Gravitas
 15829 | D:9      | Found a glowing golden altar of the Shining One.
 15872 | D:9      | Found a sparkling altar of Nemelex Xobeh.
 16027 | D:9      | Found a basalt altar of Yredelemnul.
 16037 | D:9      | Found a shattered altar of Ashenzari.
 16236 | D:10     | Entered Level 10 of the Dungeon
 16368 | D:10     | Found Zoammy's Magic Scroll Shop.
 16371 | D:10     | Bought a scroll of acquirement for 624 gold pieces
 16575 | D:10     | Noticed Grum
 16587 | D:10     | Killed Grum
 16953 | D:11     | HP: 3/75 [large slime creature (7)]
 17176 | D:11     | Found Cuphaem's Distillery.
 17184 | D:11     | Bought 2 potions of mutation for 256 gold pieces
 17380 | D:11     | Found a blossoming altar of Fedhas.
 17780 | D:11     | Found a staircase to the Orcish Mines.
 17816 | Orc:1    | Entered Level 1 of the Orcish Mines
 18091 | Orc:2    | Entered Level 2 of the Orcish Mines
 18291 | Orc:2    | Found a roughly hewn altar of Beogh.
 18305 | Orc:2    | Found a staircase to the Elven Halls.
 18315 | Orc:2    | Reached skill level 10 in Long Blades
 18463 | Orc:2    | Found Sigiupt's Antique Armour Boutique.
 18471 | Orc:2    | Bought an ancient cloak for 266 gold pieces
 18471 | Orc:2    | Identified the +1 cloak of Royalty {+Inv Str+4 Dex+3} (You
                  | bought it in a shop on level 2 of the Orcish Mines)
 18496 | Orc:2    | Noticed Jorgrun
 18506 | Orc:2    | Killed Jorgrun
 18542 | Orc:2    | Noticed Nessos
 18566 | Orc:2    | Killed Nessos
 18741 | Orc:2    | Noticed Erolcha
 18750 | Orc:2    | Killed Erolcha
 18761 | Orc:2    | Reached skill level 10 in Fighting
 18989 | Orc:2    | Found Pezu's Antique Weapon Shoppe.
 18989 | Orc:2    | Found Pubiac's Food Shop.
 18991 | Orc:2    | Found Zimifyupt's Antique Armour Boutique.
 18993 | Orc:2    | Found Ziunled's General Store.
 19296 | Spider:1 | Entered Level 1 of the Spider Nest
 19311 | Spider:1 | Reached XP level 15. HP: 66/80 MP: 29/31
 19563 | Spider:1 | Found a runed translucent door.
 19563 | Spider:1 | Noticed Zuot's ghost (adept GnWn)
 19904 | Spider:2 | Noticed an emperor scorpion
 19914 | Spider:2 | Killed an emperor scorpion
 20146 | Spider:2 | Noticed Asterion
 20152 | Spider:2 | Noticed a balrug
 20157 | Spider:2 | Killed Asterion
 21202 | Spider:3 | Reached skill level 10 in Dodging
 21651 | Spider:4 | Entered Level 4 of the Spider Nest
 21696 | Spider:4 | Reached XP level 16. HP: 35/86 MP: 29/32
 21707 | Spider:4 | HP: 4/86 [something (7)]
 21708 | Spider:4 | Succumbed to a ghost moth's poison

Levels and vault maps discovered:
D:1:      wander_arrival_estate, layout_basic, serial_bayou_pond_d
D:2:      layout_rooms, overflow_temple_1_default, okawaru_trees_2, uniq_sigmund
D:3:      layout_loops_ring, lemuel_coloured_pillars_altar, lemuel_doored_altar,
          ebering_ghost_sewer_f, first_ration
D:4:      layout_basic, uniq_grinder
D:5:      wander_river, layout_loops_cross, kennysheep_mini_moat,
          minmay_temple_entry_trees, serial_shops, nicolae_shop_trees,
          kennysheep_flooded_box
D:6:      layout_loops_corners, grunt_dithmenos_shadows
D:7:      layout_basic, grunt_qazlal_clouds, tgw_sif, elyvilon_altar_1,
          gammafunk_ghost_hive, the_bakery
D:8:      layout_loops_ring, lair_entry_dummy,
          lightli_ossuary_entry_decrepit_ruins, lemuel_centaur_altar, uniq_erica
D:9:      layout_small_grid, nemelex_xobeh_ov_fountains_minmay, kennysheep_mini,
          lemuel_round_altar, nicolae_tso_besieged_by_evil,
          gammafunk_ghost_berserking_beasts
D:10:     layout_basic, serial_shops, nicolae_shop_behind_doors,
          hangedman_abyss_or_decor_stagger, uniq_grum
D:11:     layout_irregular_city, erik_orc_2, basic_altar, serial_shops, shop
Temple:   cyrus_temple_forest
Lair:1:   layout_roguey, hangedman_lair_unloving_vines
Lair:2:   layout_gridlike, swamp_mist, gauntlet_entry_generic,
          minmay_shattered_shrine
Lair:3:   layout_misc_corridors, serial_bayou_shore_b, uniq_fannar
Lair:4:   layout_cave_shapes, spider_nest_entry_a, grunt_megastairs_2
Lair:5:   lemuel_reptile_caves, layout_loops_ring, guppyfry_lair_drakes
Lair:6:   minmay_lair_end_frog_pond, layout_cave_pods, minmay_slime_entry_eyes,
          chequers_serial_rivers_room_a, eino_house_with_fridge
Spider:1: layout_spider_delve, gammafunk_ghost_grave
Spider:2: layout_spider_delve, hangedman_spider_tarantella_strand, uniq_asterion
Spider:3: layout_spider_delve, hive_lemuel
Spider:4: grunt_spider_rune_parallel
Orc:1:    nicolae_orc_accident_2, layout_caves, special_room [special_room_orc]
Orc:2:    st_orc_rangers, layout_diamond_mine, serial_shops, shop, mines1_david,
          uniq_jorgrun, uniq_nessos, uniq_erolcha

Skill      XL: |  1  2  3  4  5  6  7  8  9 10 11 12 13 14 15 16 |
---------------+-------------------------------------------------+-----
Fighting       | 2 3 4 5 6 7 9 10 | 10.9
Long Blades    | 2 3 4 5 6 7 9 10 11 12 | 12.2
Translocations | 1 2 3 4 5 6 |  6.0
Dodging        | 2 3 4 6 7 8 9 10 | 10.2
Necromancy     | 1 2 3 4 5 6 |  6.0
Spellcasting   | 3 4 6 7 8 10 11 | 11.9
Hexes          | 1 2 3 5 6 |  6.0
Charms         | 4 5 6 7 9 10 11 12 | 12.1
Armour         | |  0.7

Action                   |  1- 3 |  4- 6 |  7- 9 | 10-12 | 13-15 | 16-18 || total
-------------------------+-------+-------+-------+-------+-------+-------++-------
Melee: Falchion          |    59 |   227 |   287 |       |       |       ||   573
       Bite              |    17 |    67 |   146 |   177 |   423 |     3 ||   833
       Long sword        |       |       |   108 |       |       |       ||   108
       Scimitar          |       |       |    37 |   468 |   402 |       ||   907
       Great sword       |       |       |       |       |   514 |     6 ||   520
 Cast: Shroud of Golubri |     7 |    32 |    55 |    57 |    94 |     2 ||   247
       Regeneration      |     1 |     4 |    14 |    15 |    36 |       ||    70
       Song of Slaying   |       |     3 |    16 |    11 |    48 |       ||    78
       Spectral Weapon   |       |     1 |    12 |    40 |    71 |     1 ||   125
       Gell's Gravitas   |       |       |       |       |     3 |       ||     3
Invok: Sacrifice Love    |       |     1 |       |       |       |       ||     1
       Sacrifice Stealth |       |       |     1 |       |       |       ||     1
       Draw Out Power    |       |       |       |     1 |     5 |       ||     6
       Sacrifice Artific |       |       |       |     1 |       |       ||     1
       Power Leap        |       |       |       |     1 |       |       ||     1
       Reject Sacrifices |       |       |       |     1 |       |       ||     1
       Apocalypse        |       |       |       |       |     5 |     1 ||     6
       Sacrifice Drink   |       |       |       |       |     1 |       ||     1
       Sacrifice Words   |       |       |       |       |     1 |       ||     1
Evoke: Wand              |       |       |     4 |       |       |       ||     4
  Use: Scroll            |       |       |     4 |    17 |    26 |       ||    47
       Potion            |       |       |     2 |       |     6 |       ||     8
 Stab: Sleeping          |     1 |     2 |       |       |       |       ||     3
       Distracted        |       |       |     2 |     9 |    15 |       ||    26
       Invisible         |       |       |       |     4 |    11 |       ||    15
       Paralysed         |       |       |       |       |    21 |     1 ||    22
       Petrified         |       |       |       |       |     1 |       ||     1
  Eat: Chunk             |     1 |     8 |    23 |    24 |    48 |       ||   104
       Ration            |       |       |       |       |     1 |       ||     1
Armor: Leather armour    |     9 |    88 |    76 |       |    18 |       ||   191
       Ring mail         |       |       |    65 |   147 |   152 |       ||   364
       Pearl dragon scal |       |       |       |       |   318 |    27 ||   345
Dodge: Dodged            |    38 |   158 |   260 |   339 |  1018 |    29 ||  1842
       Rpst.: Falchion   |    19 |    43 |    54 |       |       |       ||   116
       Scimitar          |       |       |    15 |    93 |   130 |       ||   238
       Long sword        |       |       |    13 |       |       |       ||    13
       Great sword       |       |       |       |       |   118 |     7 ||   125

Table legend:
 A = Non-vault XP
 B = Vault XP
 C = Vault XP percentage of total XP
 D = Non-vault monster count
 E = Vault monster count
 F = Vault count percentage of total count
                 A         B        C        D         E       F
            +---------+---------+-------+---------+---------+-------
      Total |   89365 |   49859 |  35.8 |     579 |     266 |  31.5
            +---------+---------+-------+---------+---------+-------
        D:1 |      46 |       0 |   0.0 |      21 |       0 |   0.0
        D:2 |      94 |     227 |  70.7 |      26 |       1 |   3.7
        D:3 |     346 |     335 |  49.2 |      39 |       6 |  13.3
        D:4 |     619 |     262 |  29.7 |      27 |       1 |   3.6
        D:5 |     863 |       0 |   0.0 |      33 |       0 |   0.0
        D:6 |     750 |     108 |  12.6 |      19 |       1 |   5.0
        D:7 |    1444 |    1668 |  53.6 |      31 |      11 |  26.2
        D:8 |     799 |    1371 |  63.2 |      22 |       5 |  18.5
        D:9 |    2512 |    3266 |  56.5 |      21 |      18 |  46.2
       D:10 |    1812 |     651 |  26.4 |      25 |       5 |  16.7
       D:11 |    3292 |     662 |  16.7 |      33 |      21 |  38.9
     Lair:1 |    2209 |       0 |   0.0 |      11 |       0 |   0.0
     Lair:2 |    5338 |    4204 |  44.1 |      24 |      11 |  31.4
     Lair:3 |    1936 |    1033 |  34.8 |      10 |       1 |   9.1
     Lair:4 |    1942 |     494 |  20.3 |      11 |       2 |  15.4
     Lair:5 |    5827 |    4065 |  41.1 |      23 |      37 |  61.7
     Lair:6 |   10744 |   11677 |  52.1 |      31 |      57 |  64.8
   Spider:1 |    8097 |       0 |   0.0 |      31 |       0 |   0.0
   Spider:2 |   15476 |    2930 |  15.9 |      45 |       2 |   4.3
   Spider:3 |   12947 |       0 |   0.0 |      40 |       0 |   0.0
   Spider:4 |    7818 |    5822 |  42.7 |      23 |      19 |  45.2
      Orc:1 |     549 |       0 |   0.0 |      11 |       0 |   0.0
      Orc:2 |    3905 |   10824 |  73.5 |      22 |      37 |  62.7
    Ossuary |       0 |     260 | 100.0 |       0 |      31 | 100.0
            +---------+---------+-------+---------+---------+-------
